[Event "Titled Tuesday Blitz November 01 Late 2022"]
[White "Dimitrov, Atanas"]
[Black "Young, Ryan"]
[WhiteFideId "2901315"]
[BlackFideId "2049945"]
[WhiteElo "2747"]
[BlackElo "2404"]
[Result "1-0"]
[Round "02"]
[TimeControl "180+1"]
[Date "2022.11.02"]
[WhiteClock "0:00:04"]
[BlackClock "0:00:20"]

1. e4 e5 2. Nc3 Nf6 3. f4 d5 4. fxe5 Nxe4 5. Qf3 Nc6 6. Bb5 Nxc3 7. dxc3 Qh4+ 8. g3 Qe4+ 9. Qxe4 dxe4 10. Be3 Bd7 11. Bxc6 Bxc6 12. Ne2 h5 13. O-O-O Be7 14. c4 Bd7 15. h3 O-O-O 16. Nc3 Bc6 17. Rxd8+ Rxd8 18. Rf1 f6 19. Ne2 Bd7 20. exf6 Bxf6 21. Nf4 h4 22. g4 Bc6 23. Nh5 Rf8 24. Rf2 Be8 25. Nxf6 Rxf6 26. Rxf6 gxf6 27. Bd4 f5 28. gxf5 Bd7 29. f6 Kd8 30. Bf2 Bxh3 31. Bxh4 Ke8 32. Kd2 Kf7 33. Ke3 Bg2 34. Kf4 c6 35. Bg5 Ke6 36. b3 a6 37. Bh4 b5 38. cxb5 cxb5 39. c3 Bf3 40. a4 bxa4 41. bxa4 Bg2 42. a5 Bf3 43. Ke3 Kd6 44. f7 1-0


[Site "https://www.chess.com"]

[Event "Titled Tuesday Blitz November 01 Late 2022"]
[White "Djokic, Mihailo"]
[Black "Gorodetzky, David"]
[WhiteFideId "976440"]
[BlackFideId "2813416"]
[WhiteElo "2315"]
[BlackElo "2487"]
[Result "0-1"]
[Round "02"]
[TimeControl "180+1"]
[Date "2022.11.01"]
[WhiteClock "0:00:04"]
[BlackClock "0:00:50"]

1. e4 c5 2. Nf3 Nc6 3. d4 cxd4 4. Nxd4 Nf6 5. Nc3 e5 6. Ndb5 d6 7. Bg5 a6 8. Bxf6 gxf6 9. Na3 b5 10. Nd5 Bg7 11. c3 Be6 12. Nc2 f5 13. exf5 Bxf5 14. Nce3 Bg6 15. a4 b4 16. h4 h5 17. Bc4 bxc3 18. bxc3 e4 19. Qd2 Ne5 20. Be2 O-O 21. Nf4 Bh6 22. Nxg6 fxg6 23. Qd5+ Kh8 24. Qxe4 Rf4 25. Qd5 Ra7 26. g3 Rf6 27. f4 Re7 28. O-O Nd7 29. Qd4 Bg7 30. Rf3 Rfe6 31. Qd2 Qb6 32. Kf2 Nf6 33. Kg2 Rxe3 34. Rf2 Rxg3+ 35. Kxg3 Ne4+ 0-1


[Site "https://www.chess.com"]

[Event "Titled Tuesday Blitz November 01 Late 2022"]
[White "Djordjevic, Vuk"]
[Black "Tokhirjonova, Gulrukhbegim"]
[WhiteFideId "902098"]
[BlackFideId "14203626"]
[WhiteElo "2799"]
[BlackElo "2554"]
[Result "1-0"]
[Round "02"]
[TimeControl "180+1"]
[Date "2022.11.02"]
[WhiteClock "0:02:29"]
[BlackClock "0:01:21"]

1. d4 Nf6 2. Bg5 Ne4 3. Bf4 d5 4. e3 e6 5. Bd3 Bd6 6. Ne2 O-O 7. O-O c5 8. Bxe4 dxe4 9. dxc5 Bxc5 10. Nbc3 f5 11. Nb5 Na6 12. Qxd8 Rxd8 13. Rfd1 Bd7 14. Nc7 Rac8 15. Nxa6 bxa6 16. Bg5 Bb5 17. Rxd8+ Rxd8 18. Bxd8 Bxe2 19. Re1 Bb5 20. b3 Kf7 21. c4 Bc6 22. Rd1 h6 23. Ba5 Be7 24. Bc3 g5 25. Bd4 a5 26. Bxa7 e5 27. Bb6 a4 28. bxa4 Bxa4 29. Rd5 Ke6 30. Bc7 Bf6 31. Rd6+ Ke7 32. Ra6 Bc2 33. Bd8+ Kxd8 34. Rxf6 f4 35. Rxh6 f3 36. c5 Kc7 37. a3 g4 38. h3 fxg2 39. hxg4 1-0


[Site "https://www.chess.com"]

[Event "Titled Tuesday Blitz November 01 Late 2022"]
[White "Drygalov, Sergey"]
[Black "Araujo Sanchez, Josue"]
[WhiteFideId "24171743"]
[BlackFideId "6416896"]
[WhiteElo "2822"]
[BlackElo "2565"]
[Result "1/2-1/2"]
[Round "02"]
[TimeControl "180+1"]
[Date "2022.11.02"]
[WhiteClock "0:00:08"]
[BlackClock "0:00:08"]

1. d4 d5 2. c4 dxc4 3. Nf3 Nf6 4. e3 e6 5. Bxc4 c5 6. O-O a6 7. Re1 b5 8. Bd3 Bb7 9. e4 cxd4 10. a4 b4 11. e5 Nfd7 12. Nbd2 Be7 13. Ne4 Nc6 14. Bf4 O-O 15. Qe2 Qa5 16. Neg5 g6 17. h4 Nc5 18. h5 Nxd3 19. Qxd3 Qd5 20. Rad1 h6 21. Ne4 g5 22. Bg3 Rfd8 23. Nh2 Nxe5 24. Bxe5 Qxe5 25. Ng4 Qg7 26. Ng3 Rac8 27. Rc1 Bd5 28. Rxc8 Rxc8 29. Qxa6 Ra8 30. Qb5 Bf8 31. Nf5 Qh8 32. a5 Kh7 33. a6 b3 34. Ne5 Qf6 35. Nxd4 Bd6 36. Ndf3 Qf4 37. Qd3+ Kg7 38. g3 Qf5 39. Qxf5 exf5 40. Rd1 Bxf3 41. Nxf3 Rxa6 42. Nd4 Kf6 43. Nxb3 Rb6 44. Rd3 Be5 45. Nc5 Rxb2 46. Rd5 Bd4 47. Rxd4 g4 48. Rd6+ Kg5 49. Nd7 f6 50. Nxf6 f4 51. gxf4+ Kxf4 52. Kg2 g3 53. Rd4+ Ke5 54. Rd3 Rxf2+ 55. Kxg3 Rxf6 56. Kg4 Rf4+ 57. Kg3 Rf5 58. Kg4 Rf4+ 59. Kg3 Rf5 60. Re3+ Kf6 61. Kh4 Rf4+ 62. Kh3 Rb4 63. Kg3 Kf5 64. Rc3 Rb5 65. Kh4 Rb4+ 66. Kh3 Kf4 67. Rc6 Kg5 68. Rc5+ Kf4 69. Kh4 Rb1 70. Rc4+ Kf5 71. Rc5+ Kf4 72. Kh3 Rh1+ 73. Kg2 Rd1 74. Rc4+ Kf5 75. Kg3 Kg5 76. Rc5+ Kf6 77. Kf4 Rd4+ 78. Ke3 Rh4 79. Kf3 Rd4 80. Kg3 Rd3+ 81. Kf4 Rd4+ 82. Kf3 Rh4 83. Kg3 Rd4 84. Ra5 Rd3+ 85. Kf4 Rd4+ 86. Ke3 Rh4 87. Kf2 Rg4 88. Kf3 Rg5 89. Ra6+ Kf5 90. Rxh6 Rg8 91. Rh7 Kg5 92. Kg3 Re8 93. Kf3 Rf8+ 94. Kg3 Re8 95. h6 Kg6 96. Ra7 Kxh6 97. Kg4 Re5 1/2-1/2


[Site "https://www.chess.com"]

[Event "Titled Tuesday Blitz November 01 Late 2022"]
[White "Dubov, Daniil"]
[Black "Marcolino, Daniel Mattos"]
[WhiteFideId "24126055"]
[BlackFideId "2106841"]
[WhiteElo "2791"]
[BlackElo "2076"]
[Result "1-0"]
[Round "02"]
[TimeControl "180+1"]
[Date "2022.11.02"]
[WhiteClock "0:02:53"]
[BlackClock "0:00:46"]

1. e4 c6 2. Nc3 d5 3. Nf3 Bg4 4. h3 Bxf3 5. Qxf3 Nf6 6. d3 e6 7. g3 Bb4 8. Bg2 d4 9. a3 dxc3 10. axb4 cxb2 11. Bxb2 Nbd7 12. O-O Qb6 13. c3 O-O 14. d4 e5 15. Qe2 Rfe8 16. Kh2 exd4 17. cxd4 Nd5 18. f4 Nxb4 19. Rfb1 a5 20. Bc3 Qa6 21. Qb2 Qd3 22. Ra3 Qc4 23. Bxb4 axb4 24. Rxa8 Rxa8 25. Qxb4 Qxb4 26. Rxb4 b5 27. e5 Ra2 28. h4 Kf8 29. Kh3 Rc2 30. d5 cxd5 31. Rxb5 d4 32. Rd5 Ke7 33. Rxd4 f6 34. Be4 fxe5 35. Rxd7+ Kxd7 36. Bxc2 exf4 37. gxf4 1-0


[Site "https://www.chess.com"]

[Event "Titled Tuesday Blitz November 01 Late 2022"]
[White "Ekdyshman, Mikhail"]
[Black "Hughes, Tyler B"]
[WhiteFideId "4149416"]
[BlackFideId "2026775"]
[WhiteElo "2164"]
[BlackElo "2296"]
[Result "1-0"]
[Round "02"]
[TimeControl "180+1"]
[Date "2022.11.02"]
[WhiteClock "0:00:15"]
[BlackClock "0:00:02"]

1. e4 c6 2. d4 d5 3. exd5 cxd5 4. c4 Nf6 5. Nc3 Nc6 6. Nf3 Bg4 7. cxd5 Nxd5 8. Qb3 Nb6 9. d5 Bxf3 10. gxf3 Nd4 11. Qd1 e5 12. dxe6 Nxe6 13. Bb5+ Nd7 14. O-O a6 15. Ba4 Be7 16. Re1 b5 17. Bb3 Ndc5 18. Bd5 Rc8 19. b4 Nd7 20. Bb2 Ndf8 21. Qb3 h5 22. Rad1 Qc7 23. a4 Rh6 24. axb5 Rg6+ 25. Kh1 axb5 26. Nxb5 Qb6 27. Nd4 Qxb4 28. Bc6+ Rxc6 29. Qxb4 Bxb4 30. Nxc6 Bxe1 31. Rxe1 Nd7 32. Rd1 f5 33. Rxd7 Ng5 34. Rxg7 Rxc6 35. Rxg5 Rc2 36. Bd4 Kf7 37. Rxf5+ Ke6 38. Rxh5 1-0


[Site "https://www.chess.com"]

[Event "Titled Tuesday Blitz November 01 Late 2022"]
[White "Erigaisi Arjun"]
[Black "Leitao, Rafael"]
[WhiteFideId "35009192"]
[BlackFideId "2101246"]
[WhiteElo "2745"]
[BlackElo "2609"]
[Result "1-0"]
[Round "02"]
[TimeControl "180+1"]
[Date "2022.11.01"]
[WhiteClock "0:01:22"]
[BlackClock "0:00:18"]

1. b3 d5 2. Bb2 Bf5 3. d3 e6 4. Nf3 Nf6 5. g3 h6 6. Bg2 Be7 7. O-O O-O 8. Nbd2 Bh7 9. Qe1 c5 10. e4 Nc6 11. Qe2 a5 12. a4 Nb4 13. Rac1 Re8 14. Rfe1 Bf8 15. Ne5 Nd7 16. Nxd7 Qxd7 17. Nb1 Nc6 18. Qe3 Rad8 19. h4 dxe4 20. Bxe4 Bxe4 21. Qxe4 Nd4 22. Nd2 f5 23. Qg2 e5 24. Nc4 Qc7 25. Bxd4 cxd4 26. Qf3 Bb4 27. Re2 f4 28. g4 Qe7 29. g5 hxg5 30. Rxe5 Qf6 31. Rxg5 Re7 32. Kh2 Qh6 33. Rh5 Qf6 34. Rg1 Kf7 35. Rgg5 Kg8 36. Ne5 1-0


[Site "https://www.chess.com"]

[Event "Titled Tuesday Blitz November 01 Late 2022"]
[White "Esipenko, Andrey"]
[Black "Annaberdiyev, Babageldi"]
[WhiteFideId "24175439"]
[BlackFideId "14000385"]
[WhiteElo "2619"]
[BlackElo "2332"]
[Result "1/2-1/2"]
[Round "02"]
[TimeControl "180+1"]
[Date "2022.11.01"]
[WhiteClock "0:00:03"]
[BlackClock "0:00:26"]

1. Nf3 e6 2. g3 d5 3. Bg2 f5 4. c4 Nf6 5. b3 c6 6. d4 Bd6 7. O-O Qe7 8. Bb2 Nbd7 9. Qc1 O-O 10. Ba3 a5 11. Bxd6 Qxd6 12. Nc3 Ne4 13. e3 b6 14. Ne2 Ba6 15. Rd1 Rac8 16. Nf4 g5 17. Nd3 c5 18. dxc5 bxc5 19. Qb2 g4 20. Nfe5 Ndf6 21. Nf4 Rfd8 22. cxd5 exd5 23. Rac1 d4 24. Nc4 Bxc4 25. Rxc4 Qb6 26. exd4 cxd4 27. Rxc8 Rxc8 28. Rxd4 Ng5 29. Rd1 Nfe4 30. h4 Nf3+ 31. Bxf3 gxf3 32. Re1 Rd8 33. Nh3 Rd2 34. Qe5 Rxf2 35. Qe8+ Kg7 36. Qe7+ Kg8 37. Qe8+ Kg7 38. Qe5+ Kg8 39. Kh1 Rg2 40. Qe8+ Kg7 41. Qe7+ Kg8 42. Qe8+ Kg7 43. Qe7+ Kg8 44. Qe8+ 1/2-1/2


[Site "https://www.chess.com"]

[Event "Titled Tuesday Blitz November 01 Late 2022"]
[White "Faizrakhmanov, Ramil"]
[Black "Aizpurua, Patrick Emilio"]
[WhiteFideId "24103209"]
[BlackFideId "6600522"]
[WhiteElo "2812"]
[BlackElo "2563"]
[Result "1-0"]
[Round "02"]
[TimeControl "180+1"]
[Date "2022.11.02"]
[WhiteClock "0:01:24"]
[BlackClock "0:00:45"]

1. d4 Nf6 2. c4 e6 3. Nf3 d5 4. Nc3 c6 5. e3 Nbd7 6. Be2 Bd6 7. O-O O-O 8. b3 dxc4 9. bxc4 e5 10. Qc2 Re8 11. a4 a5 12. Ba3 Bxa3 13. Rxa3 e4 14. Nd2 Qe7 15. Rb3 Nf8 16. c5 Be6 17. Nc4 Bd5 18. Rfb1 Ra7 19. Nxd5 Nxd5 20. Nd6 Nb4 21. Rxb4 axb4 22. Nxe8 Qxe8 23. Rxb4 Nd7 24. Qb1 Qa8 25. Qxe4 Nf6 26. Qc2 Nd5 27. Rc4 g6 28. g3 h5 29. h4 Qd8 30. Bf3 Nf6 31. Rb4 Qa5 32. Qb2 Kg7 33. Rxb7 Rxb7 34. Qxb7 Qxa4 35. Qxc6 Qc2 36. Qd6 Ng4 37. Bxg4 hxg4 38. Qe5+ Kh7 39. Qf6 1-0


[Site "https://www.chess.com"]

[Event "Titled Tuesday Blitz November 01 Late 2022"]
[White "Firouzja, Alireza"]
[Black "Bjelobrk, Igor"]
[WhiteFideId "12573981"]
[BlackFideId "4300726"]
[WhiteElo "2903"]
[BlackElo "2335"]
[Result "1-0"]
[Round "02"]
[TimeControl "180+1"]
[Date "2022.11.01"]
[WhiteClock "0:01:13"]
[BlackClock "0:00:03"]

1. e4 e5 2. Nf3 Nc6 3. Bb5 a6 4. Ba4 Bc5 5. c3 Nge7 6. O-O Ng6 7. d4 Ba7 8. Be3 O-O 9. Nbd2 d6 10. h3 Bd7 11. Re1 f6 12. Nf1 Kh8 13. Ng3 Qe8 14. Bc2 a5 15. a3 a4 16. Bd3 Na5 17. Qc2 Nb3 18. Rad1 b5 19. Bf1 Be6 20. d5 Bd7 21. Bxa7 Rxa7 22. c4 Nf4 23. Ne2 g5 24. cxb5 Nc5 25. Nc3 g4 26. hxg4 Bxg4 27. Re3 Rg8 28. Rde1 Qh5 29. Nh2 Raa8 30. Rg3 Bd7 31. Ree3 f5 32. Rxg8+ Rxg8 33. Rg3 Rxg3 34. fxg3 Ng6 35. exf5 Bxf5 36. Qf2 e4 37. g4 Bxg4 38. Qf6+ Kg8 39. Qd8+ Kg7 40. Qxc7+ Kh6 41. Qxd6 Nd3 42. Nxe4 Ne5 43. Nf6 Qg5 44. Nhxg4+ Nxg4 45. Nxg4+ Qxg4 46. Qf6 Qd1 47. d6 Qd5 48. b6 Qc6 49. Qd4 Qd7 50. b7 1-0


[Site "https://www.chess.com"]

[Event "Titled Tuesday Blitz November 01 Late 2022"]
[White "Floresvillar Gonzalez, Luis Migu"]
[Black "Girsh, Daniel"]
[WhiteFideId "5100542"]
[BlackFideId "30949190"]
[WhiteElo "2040"]
[BlackElo "2075"]
[Result "0-1"]
[Round "02"]
[TimeControl "180+1"]
[Date "2022.11.02"]
[WhiteClock "0:00:01"]
[BlackClock "0:00:17"]

1. d4 Nf6 2. c3 d5 3. Bg5 Ne4 4. h4 Bf5 5. Nd2 Nxd2 6. Qxd2 c5 7. dxc5 h6 8. Bf4 Nc6 9. Nf3 a5 10. e3 e6 11. b4 axb4 12. cxb4 Qf6 13. Rc1 e5 14. Bg3 Be4 15. Be2 Bxf3 16. Bxf3 e4 17. Bg4 Rd8 18. O-O Be7 19. b5 Ne5 20. Bxe5 Qxe5 21. c6 bxc6 22. bxc6 O-O 23. c7 Bd6 24. g3 Bxc7 25. Qc3 Qxc3 26. Rxc3 Be5 27. Rc2 d4 28. exd4 Bxd4 29. Re1 f5 30. Be2 Rc8 31. Bc4+ Kh7 32. Rec1 Ra8 33. Bb3 f4 34. gxf4 Rxf4 35. Rd1 e3 36. fxe3 Bxe3+ 37. Kg2 Rxh4 38. Rd7 Ra5 39. Kf3 Rh3+ 40. Ke4 Bg5 41. Rcc7 Bf6 42. Rc6 Kg6 43. Bc2 Rxa2 44. Kf4+ Kh5 45. Rd5+ Bg5+ 46. Kf5 Rf3+ 47. Ke6 Rf6+ 48. Kd7 Ra7+ 49. Rc7 Rxc7+ 50. Kxc7 Kg4 51. Bd1+ Kg3 52. Kd7 h5 53. Rd3+ Kh4 54. Rd4+ Bf4 55. Ke7 Kg5 56. Rd5+ Rf5 57. Rxf5+ Kxf5 58. Bxh5 Bg5+ 0-1


[Site "https://www.chess.com"]

[Event "Titled Tuesday Blitz November 01 Late 2022"]
[White "Gallegos Diaz, Carlos Alberto"]
[Black "Ozdemir, Serhan Berat"]
[WhiteFideId "3900886"]
[BlackFideId "6374611"]
[WhiteElo "2362"]
[BlackElo "2016"]
[Result "0-1"]
[Round "02"]
[TimeControl "180+1"]
[Date "2022.11.02"]
[WhiteClock "0:00:00"]
[BlackClock "0:00:01"]

1. e4 c5 2. Nf3 e6 3. d3 d5 4. Nbd2 Nc6 5. Be2 Nf6 6. O-O Be7 7. c3 Qc7 8. Re1 O-O 9. Bf1 b6 10. h3 Bb7 11. a3 Rfd8 12. b4 a6 13. Bb2 b5 14. e5 Nd7 15. d4 cxd4 16. cxd4 Nb6 17. Nb3 Nc4 18. Qc2 a5 19. bxa5 N6xa5 20. Nxa5 Qxa5 21. Bc3 Qa4 22. Qxa4 Rxa4 23. Bb4 Bxb4 24. axb4 Rda8 25. Rab1 h6 26. Rec1 Ra3 27. Ne1 f6 28. Nd3 fxe5 29. Nxe5 Kf8 30. Nd7+ Ke7 31. Nc5 Bc6 32. Re1 Bd7 33. Bxc4 bxc4 34. b5 Kd6 35. b6 Rb8 36. b7 c3 37. Rb6+ Kc7 38. Nxd7 Rxb7 39. Rxb7+ Kxb7 40. Nc5+ Kc6 41. Rc1 Kb5 42. Nxe6 Kc4 43. Kh2 Ra2 44. Kg3 Rd2 45. Kf3 Kd3 46. Nf4+ Kxd4 47. Ne2+ Kd3 48. Nxc3 Kc4 0-1


[Site "https://www.chess.com"]

[Event "Titled Tuesday Blitz November 01 Late 2022"]
[White "Garagulya, Konstantin"]
[Black "Abdyzhapar, Asylbek"]
[WhiteFideId "4128931"]
[BlackFideId "13800337"]
[WhiteElo "2329"]
[BlackElo "2323"]
[Result "0-1"]
[Round "02"]
[TimeControl "180+1"]
[Date "2022.11.02"]
[WhiteClock "0:00:02"]
[BlackClock "0:01:12"]

1. d4 Nf6 2. Nf3 g6 3. Nc3 Bg7 4. e4 O-O 5. e5 Ne8 6. h4 h5 7. Bf4 c5 8. dxc5 Qa5 9. Qd4 Nc6 10. Qc4 b6 11. Qb5 bxc5 12. Qxa5 Nxa5 13. Ne4 Nc6 14. Nxc5 d6 15. Nd3 dxe5 16. Nfxe5 Nxe5 17. Bxe5 Nf6 18. f3 Bf5 19. Be2 Rfc8 20. Rc1 Nd5 21. Bxg7 Kxg7 22. Kd2 Rab8 23. Rb1 a5 24. a3 a4 25. Rhc1 Rc4 26. g3 Rc7 27. g4 hxg4 28. fxg4 Be4 29. Rf1 Rbc8 30. Rbc1 Rb8 31. Nf2 Bg2 32. Rg1 Nf4 33. Nd3 Nxe2 34. Kxe2 Be4 35. Nb4 e5 36. Ke3 Bb7 37. c3 Rc4 38. h5 Re4+ 39. Kd3 Rd8+ 40. Kc2 Re2+ 41. Kb1 Rdd2 42. Ka1 Rxb2 43. hxg6 Kxg6 44. Rce1 Rh2 45. Rb1 Rbd2 46. Rbd1 Bf3 47. Rxd2 Rxd2 48. g5 e4 49. Kb1 e3 50. Kc1 Kf5 51. Re1 Kf4 0-1


[Site "https://www.chess.com"]

[Event "Titled Tuesday Blitz November 01 Late 2022"]
[White "Garayev, Kanan"]
[Black "Jaracz, Pawel"]
[WhiteFideId "13406671"]
[BlackFideId "1102222"]
[WhiteElo "2244"]
[BlackElo "2459"]
[Result "1-0"]
[Round "02"]
[TimeControl "180+1"]
[Date "2022.11.02"]
[WhiteClock "0:00:26"]
[BlackClock "0:00:02"]

1. d4 Nf6 2. c4 g6 3. g3 Bg7 4. Bg2 O-O 5. Nc3 Nc6 6. Nf3 d6 7. O-O Rb8 8. Bf4 a6 9. Rc1 h6 10. Qd2 Kh7 11. h3 Nh5 12. Be3 f5 13. d5 Ne5 14. Nxe5 dxe5 15. Bc5 e4 16. Rfd1 Bd7 17. Bd4 e5 18. dxe6 Bxe6 19. Bxg7 Kxg7 20. Nd5 Bxd5 21. cxd5 Rf7 22. d6 c6 23. Qc3+ Nf6 24. e3 Rd7 25. Qe5 Qe8 26. Qc5 Rbd8 27. Qc3 Qf8 28. Qb4 h5 29. Bf1 h4 30. gxh4 Qh8 31. Bc4 Qxh4 32. Bf1 Qg5+ 33. Kh1 Rh8 34. Qd4 Qg4 35. Qe5 Rxh3+ 36. Bxh3 Qxh3+ 37. Qh2 Qxh2+ 38. Kxh2 Ng4+ 39. Kg2 Kf6 40. b4 Ne5 41. a4 Nd3 42. Rb1 Rxd6 43. b5 axb5 44. axb5 c5 45. f3 Ke5 46. f4+ Kf6 47. Kf1 b6 48. Ke2 Rd8 49. Rh1 Ra8 50. Ra1 Rd8 51. Ra6 Rd6 52. Rh7 Nc1+ 53. Ke1 Ke6 54. Rb7 Nd3+ 55. Kf1 c4 56. Rbxb6 Rxb6 57. Rxb6+ Kd5 58. Ke2 Kc5 59. Rb8 c3 60. Kd1 Nb4 61. b6 Nd5 62. b7 Nxe3+ 63. Ke2 c2 64. Rc8+ Kb6 65. b8=Q+ 1-0


[Site "https://www.chess.com"]

[Event "Titled Tuesday Blitz November 01 Late 2022"]
[White "Gheorghiu, Calin"]
[Black "Makarian, Rudik"]
[WhiteFideId "1200305"]
[BlackFideId "44105681"]
[WhiteElo "2560"]
[BlackElo "2811"]
[Result "0-1"]
[Round "02"]
[TimeControl "180+1"]
[Date "2022.11.02"]
[WhiteClock "0:00:01"]
[BlackClock "0:00:06"]

1. d4 Nf6 2. Bf4 d5 3. Nf3 g6 4. e3 Bg7 5. Nbd2 O-O 6. Be2 Bf5 7. h4 Nbd7 8. Ne5 Nxe5 9. Bxe5 h5 10. f3 c5 11. c3 cxd4 12. exd4 Nd7 13. Bxg7 Kxg7 14. g4 hxg4 15. fxg4 Be4 16. Nxe4 dxe4 17. Qd2 e5 18. O-O-O Qe7 19. h5 g5 20. h6+ Kh8 21. d5 f6 22. Bc4 Qd6 23. Bb3 b5 24. Qe2 Nc5 25. Bc2 a5 26. Qxb5 Ra6 27. Qe2 Rb6 28. Rhf1 Rfb8 29. b3 Rc8 30. Bxe4 a4 31. b4 Na6 32. Bc2 Rxc3 33. Qe4 Rb7 34. Rd3 Rxc2+ 35. Kxc2 Nxb4+ 36. Kd2 Nxd3 37. Qxd3 Rb2+ 38. Ke3 Rxa2 39. Rc1 Qb6+ 40. Ke4 Qb4+ 41. Kf5 Rf2+ 42. Kg6 Qf8 0-1


[Site "https://www.chess.com"]

[Event "Titled Tuesday Blitz November 01 Late 2022"]
[White "Gokerkan, Cem Kaan"]
[Black "Manolache, Marius"]
[WhiteFideId "6336760"]
[BlackFideId "1201530"]
[WhiteElo "2844"]
[BlackElo "2589"]
[Result "1-0"]
[Round "02"]
[TimeControl "180+1"]
[Date "2022.11.02"]
[WhiteClock "0:00:19"]
[BlackClock "0:00:19"]

1. Nf3 Nf6 2. g3 d6 3. Bg2 g6 4. O-O c6 5. d4 Bg7 6. c4 O-O 7. Nc3 Bf5 8. Re1 Ne4 9. Nh4 Nxc3 10. bxc3 Be6 11. Qd3 Nd7 12. e4 Nb6 13. d5 Bd7 14. Bg5 Rc8 15. c5 dxc5 16. d6 f6 17. dxe7 Qxe7 18. Bf4 Rfd8 19. Bd6 Be6 20. Rad1 Qf7 21. Qc2 Bxa2 22. Bxc5 Bb3 23. Rxd8+ Rxd8 24. Qc1 Nc4 25. f4 b6 26. Bf2 c5 27. Nf3 a5 28. e5 a4 29. exf6 Bxf6 30. Ne5 Bxe5 31. fxe5 Na5 32. Qg5 Re8 33. h4 a3 34. h5 a2 35. g4 Qe7 36. Qh6 Qg7 37. Qg5 h6 38. Qf4 gxh5 39. gxh5 Bd5 40. Bg3 Bxg2 41. Kxg2 Rf8 42. Qa4 Qf7 43. e6 Qf3+ 44. Kh2 Qxh5+ 45. Kg1 Rf3 46. Kg2 Rf8 47. e7 Re8 48. Qxa2+ c4 49. Qe2 Qxe2+ 50. Rxe2 Nb7 51. Re6 Kf7 52. Rxb6 Rxe7 53. Rxh6 Nc5 54. Bd6 Re6 55. Rh7+ Kg6 56. Rc7 Ne4 57. Bb4 Nd2 58. Kf2 Kf5 59. Rc5+ Ke4 60. Rc8 Kd3 61. Rd8+ Kc2 62. Rd4 Re8 63. Rd7 Re6 64. Rc7 Re4 65. Rc8 Nb1 66. Kf3 Nd2+ 67. Kf2 Nb1 68. Kf3 Nd2+ 69. Kg2 Nb1 70. Kf1 Nxc3 71. Kf2 Nd5 72. Ba5 Nf4 73. Kf3 Rd4 74. Bb6 Rd6 75. Rxc4+ Kb3 76. Rxf4 Rxb6 77. Rf8 Rb4 78. Ke3 Rc4 79. Kd2 Rc2+ 80. Kd3 Rc3+ 81. Kd4 Rc4+ 82. Kd5 Rb4 83. Rf3+ Kc2 84. Kc5 Ra4 85. Kb5 Rd4 86. Rf2+ Kc3 87. Rf8 Kc2 88. Kc5 Re4 89. Kd5 Ra4 90. Rf2+ Kd1 91. Rf3 Ke1 92. Rf8 Kd1 93. Rf2 Ke1 94. Rh2 Kd1 95. Kc5 Ke1 96. Kb5 Rg4 97. Kc6 Kd1 98. Ra2 Ke1 99. Kd6 Kd1 100. Ke5 Ke1 101. Kf5 Rb4 102. Rh2 Kd1 103. Ke5 Ke1 104. Rh1+ Ke2 105. Rh8 Ke1 106. Kd5 Kd1 107. Kc5 Rg4 108. Rh1+ Kd2 109. Kd5 Kc2 110. Ke5 Kd2 111. Rh2+ Ke1 112. Kf5 Rb4 113. Kg5 Kd1 114. Rh1+ Ke2 115. Rh4 Ke1 116. Rxb4 1-0


[Site "https://www.chess.com"]

[Event "Titled Tuesday Blitz November 01 Late 2022"]
[White "Goltseva, Ekaterina"]
[Black "Grot, Blazej"]
[WhiteFideId "24173770"]
[BlackFideId "21835845"]
[WhiteElo "2200"]
[BlackElo "1739"]
[Result "1-0"]
[Round "02"]
[TimeControl "180+1"]
[Date "2022.11.02"]
[WhiteClock "0:00:03"]
[BlackClock "0:00:01"]

1. Nf3 d5 2. g3 Nf6 3. Bg2 c5 4. O-O Nc6 5. c4 e6 6. cxd5 exd5 7. d4 Bg4 8. dxc5 Bxc5 9. a3 a5 10. Nc3 O-O 11. Bg5 Be6 12. Rc1 Be7 13. Nd4 Nxd4 14. Qxd4 Rc8 15. Rfd1 h6 16. Bf4 Bc5 17. Qd2 d4 18. Nb5 Qb6 19. Nxd4 Rfd8 20. Be3 Ng4 21. b4 axb4 22. axb4 Bxb4 23. Nxe6 Nxe3 24. Qxe3 Qxe3 25. fxe3 fxe6 26. Rxc8 Rxc8 27. Bxb7 Rb8 28. Be4 Bc5 29. Kf2 Rb3 30. Rd8+ Kf7 31. Bd3 Be7 32. Rd7 Rb6 33. Kf3 Rd6 34. Rb7 g5 35. Kg4 Kf6 36. Kh5 Bf8 37. Bg6 Be7 38. Kxh6 Rd8 39. Kh7 Rd2 40. Bd3 Rd1 41. Kg8 Rh1 42. Rb6 Rxh2 43. Bc4 Rg2 44. Rxe6+ Kf5 45. Rxe7 Rxg3 46. e4+ Kf6 47. Re6# 1-0


[Site "https://www.chess.com"]

[Event "Titled Tuesday Blitz November 01 Late 2022"]
[White "Gubajdullin, Alexei"]
[Black "Castella Garcia, Fausto"]
[WhiteFideId "4141202"]
[BlackFideId "3501922"]
[WhiteElo "2200"]
[BlackElo "2246"]
[Result "1-0"]
[Round "02"]
[TimeControl "180+1"]
[Date "2022.11.02"]
[WhiteClock "0:01:17"]
[BlackClock "0:00:50"]

1. d4 Nf6 2. Nf3 g6 3. Bf4 Bg7 4. e3 d6 5. Be2 O-O 6. O-O Nfd7 7. h3 e5 8. Bh2 e4 9. Nfd2 f5 10. c4 Nc6 11. Nc3 Nf6 12. Qa4 g5 13. b4 Ne7 14. b5 Ng6 15. b6 cxb6 16. Nb5 f4 17. Qa3 f3 18. gxf3 Bxh3 19. fxe4 Bxf1 20. Rxf1 Ne8 21. Nxd6 Nxd6 22. Qxd6 Qc8 23. Qg3 h6 24. Bg4 Qe8 25. e5 Nh4 26. d5 Bxe5 27. Qxe5 1-0


[Site "https://www.chess.com"]

[Event "Titled Tuesday Blitz November 01 Late 2022"]
[White "Guz, Ari"]
[Black "Chigaev, Maksim"]
[WhiteFideId "2825759"]
[BlackFideId "4108116"]
[WhiteElo "2205"]
[BlackElo "2537"]
[Result "0-1"]
[Round "02"]
[TimeControl "180+1"]
[Date "2022.11.01"]
[WhiteClock "0:00:29"]
[BlackClock "0:00:59"]

1. e4 c5 2. Nf3 e6 3. c3 d5 4. exd5 Qxd5 5. d4 Nf6 6. Be3 cxd4 7. cxd4 Bb4+ 8. Nc3 O-O 9. Bd3 b6 10. O-O Bxc3 11. bxc3 Ba6 12. Bxa6 Nxa6 13. Qd3 Nc5 14. Qe2 Ncd7 15. c4 Qf5 16. h3 h6 17. a4 Rfc8 18. a5 Rab8 19. axb6 axb6 20. Ra7 b5 21. cxb5 Rxb5 22. Rfa1 Rc2 23. Qf1 Rcb2 24. Kh2 Qd5 25. Ra8+ Rb8 26. Rxb8+ Rxb8 27. Qd3 Nc5 28. Qc2 Nce4 29. Ra7 Ra8 30. Rxa8+ Qxa8 31. Ne5 Qb7 32. Qa4 Nd6 33. Qa5 Nf5 34. Qd8+ Kh7 35. Qf8 Nh4 36. f3 Qb2 37. Kg3 Qxg2+ 38. Kf4 Qg5# 0-1


[Site "https://www.chess.com"]

[Event "Titled Tuesday Blitz November 01 Late 2022"]
[White "Guzman, Christopher"]
[Black "Svane, Rasmus"]
[WhiteFideId "6405096"]
[BlackFideId "4657101"]
[WhiteElo "2272"]
[BlackElo "2674"]
[Result "0-1"]
[Round "02"]
[TimeControl "180+1"]
[Date "2022.11.01"]
[WhiteClock "0:01:40"]
[BlackClock "0:01:22"]

1. e4 c6 2. d4 d5 3. exd5 cxd5 4. Bd3 Nc6 5. c3 Nf6 6. Bf4 Bg4 7. Qb3 Qd7 8. Nd2 e6 9. Ngf3 Bd6 10. Bg3 O-O 11. O-O Bh5 12. Ne5 Qc7 13. Rfe1 Bg6 14. Nxg6 hxg6 15. Nf3 Bxg3 16. hxg3 Rfe8 17. Qc2 Rac8 18. Qe2 Re7 19. Ne5 Nxe5 20. dxe5 Nd7 21. g4 Nc5 22. Bc2 Rd7 23. Rad1 Qb6 24. Bb1 Na4 25. Rd2 d4 26. Red1 Rcd8 27. Be4 Qc5 28. Qf3 Qxe5 29. Bxb7 Nc5 30. Bc6 Rd6 31. b4 Na6 32. cxd4 Rxd4 33. Rxd4 Rxd4 34. Rxd4 Qxd4 35. a3 Nc7 36. Qe3 Qd1+ 37. Kh2 Qd6+ 0-1


[Site "https://www.chess.com"]

[Event "Titled Tuesday Blitz November 01 Late 2022"]
[White "Hajiyev, Kanan"]
[Black "Shapiro, Daniel"]
[WhiteFideId "13404148"]
[BlackFideId "2001780"]
[WhiteElo "2118"]
[BlackElo "2275"]
[Result "1-0"]
[Round "02"]
[TimeControl "180+1"]
[Date "2022.11.02"]
[WhiteClock "0:00:15"]
[BlackClock "0:00:01"]

1. d4 Nf6 2. Nf3 b6 3. g3 e6 4. Bg2 d5 5. O-O Ba6 6. Re1 Be7 7. Ne5 O-O 8. Nd2 c5 9. c3 Bb7 10. Ndf3 Ne4 11. Nd2 Nf6 12. a4 a6 13. Ndf3 Ne4 14. Bf4 Nc6 15. Nxc6 Bxc6 16. Ne5 Bb7 17. h4 Nf6 18. Qb3 c4 19. Qc2 b5 20. g4 b4 21. g5 Nh5 22. Bh2 f6 23. Nxc4 b3 24. Qxb3 Bc6 25. Qb6 Qd7 26. Na5 Rac8 27. Qxa6 fxg5 28. hxg5 Bxg5 29. e3 Nf6 30. Nxc6 Rxc6 31. Qd3 g6 32. a5 1-0


[Site "https://www.chess.com"]